[Event "41st Amateur D7"]
[Site "ChessGUI4"]
[Date "2013.07.10"]
[Round "30.5"]
[White "MadChess 1.2"]
[Black "Shallow 1.0 64-bit"]
[Result "1/2-1/2"]
[BlackElo "2200"]
[ECO "E31"]
[EventDate "2013.??.??"]
[TimeControl "40/1500:40/1500:40/1500"]
[WhiteElo "2200"]

{ i5 Quad } 1.d4 Nf6 2.c4 e6 3.Nc3 Bb4 4.Bg5 c5 5.d5 h6 6.Bh4 d6 7.e3 Bxc3+ 8.bxc3 e5 9.Bxf6 Qxf6 { [%eval 24,15] [%emt 0:00:42] (Qxf6) } 10.Ne2
{ [%eval -2,11] [%emt 0:00:35] (Ne2) } 10...Nd7
{ [%eval 25,14] [%emt 0:00:42] (Bf5) } 11.Ng3
{ [%eval -16,12] [%emt 0:00:25] (Ng3) } 11...Qg5
{ [%eval 22,14] [%emt 0:00:42] (O-O) } 12.Bd3
{ [%eval -5,12] [%emt 0: 01:09] (Bd3) } 12...O-O
{ [%eval 23,13] [%emt 0:00:42] (O-O) } 13.O-O
{ [%eval 1,11] [%emt 0:00:28] (Qd2) } 13...Nf6
{ [%eval 16,14] [%emt 0:00:42] (g6) } 14.f4
{ [%eval 15,12] [%emt 0:00:29] (f4) } 14...Qh4
{ [%eval 16,14] [%emt 0:00:42] (Qh4) } 15.Qe1
{ [%eval 18,11] [%emt 0:00:23] (Qe1) } 15...Kh8
{ [%eval 17,14] [%emt 0:00:42] (Re8) } 16.h3
{ [%eval 38,11] [%emt 0:00:29] (h3) } 16...Nd7
{ [%eval 16,13] [%emt 0:00:42] (Re8) } 17.a4
{ [%eval 46,11] [%emt 0:00:37] (Rc1) } 17...Rb8
{ [%eval 20,13] [%emt 0: 00:42] (exf4) } 18.a5
{ [%eval 56,11] [%emt 0:00:53] (Rd1) } 18...a6
{ [%eval 18,14] [%emt 0:00:42] (exf4) } 19.Bc2
{ [%eval 86,10] [%emt 0:00:33] (Qf2) } 19...b6
{ [%eval 23,14] [%emt 0:00:42] (b6) } 20.Rb1
{ [%eval 75,10] [%emt 0:00:29] (axb6) } 20...bxa5
{ [%eval 63,15] [%emt 0:00:42] (exf4) } 21.Rxb8
{ [%eval 105,13] [%emt 0: 00:40] (Rxb8) } 21...Nxb8
{ [%eval 46,15] [%emt 0:00:42] (Nxb8) } 22.fxe5
{ [%eval 97, 13] [%emt 0:00:25] (fxe5) } 22...dxe5
{ [%eval 6,15] [%emt 0:00:42] (Qxc4) } 23.Ne4
{ [%eval 89,12] [%emt 0:00:25] (Ne4) } 23...Qe7
{ [%eval -1,15] [%emt 0:00:42] (Qe7) } 24.Nd2
{ [%eval 100,11] [%emt 0:00:28] (Qa1) } 24...Qc7
{ [%eval -4,14] [%emt 0:01:08] (Nd7) } 25.Qa1
{ [%eval 97,13] [%emt 0:03:04] (Qa1) } 25...Nd7
{ [%eval 3,14] [%emt 0: 00:41] (Nd7) } 26.Nb3
{ [%eval 93,11] [%emt 0:00:33] (Nb3) } 26...e4
{ [%eval 6,14] [%emt 0:00:41] (e4) } 27.Nxa5
{ [%eval 77,11] [%emt 0:00:20] (Kh1) } 27...Nf6
{ [%eval 16,13] [%emt 0:00:41] (f5) } 28.Rf4
{ [%eval 106,11] [%emt 0:00:33] (Re1) } 28...Nh5
{ [%eval 33,15] [%emt 0:00:41] (Nh5) } 29.Rf2
{ [%eval 46,13] [%emt 0:00: 45] (Rf2) } 29...Qg3
{ [%eval 28,14] [%emt 0:00:41] (Qg3) } 30.Qc1
{ [%eval 44,13] [%emt 0:00:37] (Qe1) } 30...Bxh3
{ [%eval 37,14] [%emt 0:00:41] (Bxh3) } 31.Bxe4
{ [%eval 66,13] [%emt 0:00:34] (Bxe4) } 31...Nf6
{ [%eval 41,14] [%emt 0:00:41] (Nf6) } 32.Bf3
{ [%eval 41,14] [%emt 0:02:18] (Bf3) } 32...Nh7
{ [%eval 39,13] [%emt 0:00:41] (Re8) } 33.Rf1
{ [%eval 76,13] [%emt 0:01:56] (Qc2) } 33...Ng5
{ [%eval 36,13] [%emt 0: 00:41] (Ng5) } 34.Qd2
{ [%eval 52,12] [%emt 0:00:30] (Qb2) } 34...Bg4
{ [%eval 27,13] [%emt 0:00:41] (Rc8) } 35.Bxg4
{ [%eval 106,12] [%emt 0:00:23] (Bxg4) } 35...Qxg4
{ [%eval 36,13] [%emt 0:00:41] (Qxg4) } 36.d6
{ [%eval 72,12] [%emt 0:00:34] (d6) } 36...Qe4
{ [%eval 29,13] [%emt 0:00:41] (Rb8) } 37.d7
{ [%eval 56,13] [%emt 0:00:51] (Rd1) } 37...Rd8
{ [%eval 33,14] [%emt 0:00:41] (Rd8) } 38.Rd1
{ [%eval 0,14] [%emt 0: 00:50] (Rd1) } 38...Ne6
{ [%eval 21,12] [%emt 0:00:41] (Nh7) } 39.Qd3
{ [%eval 15,14] [%emt 0:00:32] (Qd3) } 39...Qxd3
{ [%eval 18,15] [%emt 0:00:41] (Qxd3) } 40.Rxd3
{ [%eval 11,17] [%emt 0:00:37] (Rxd3) } 40...Nf8
{ [%eval 21,17] [%emt 0:00:41] (Nf8) } 41.Rd5
{ [%eval 10,17] [%emt 0:06:04] (Nb3) } 41...Rxd7
{ [%eval 25,15] [%emt 0:00:37] (Rxd7) } 42.Nb3
{ [%eval 10,16] [%emt 0:03:46] (Rxc5) } 42...Rxd5
{ [%eval 81,18] [%emt 0:00:37] (Kg8) } 43.cxd5
{ [%eval 28,15] [%emt 0:00:46] (cxd5) } 43...Nd7
{ [%eval 81,17] [%emt 0:00:37] (Nd7) } 44.Kf2
{ [%eval 1,14] [%emt 0:00:27] (e4) } 44...Kg8
{ [%eval 81,17] [%emt 0:00:37] (g5) } 45.e4
{ [%eval 17,14] [%emt 0:01:54] (e4) } 45...Kf8
{ [%eval 78,16] [%emt 0:00:37] (Kf8) } 46.Ke3
{ [%eval 16,14] [%emt 0: 00:42] (Ke3) } 46...Ke7
{ [%eval 78,16] [%emt 0:00:37] (f6) } 47.Kf4
{ [%eval 17,14] [%emt 0:00:39] (Na5) } 47...h5
{ [%eval 78,15] [%emt 0:00:37] (f6) } 48.e5
{ [%eval 72, 14] [%emt 0:00:37] (Na5) } 48...f6
{ [%eval 81,17] [%emt 0:00:37] (g5) } 49.e6
{ [%eval 74,15] [%emt 0:00:36] (e6) } 49...Nb6
{ [%eval 84,17] [%emt 0:00:37] (Nb6) } 50.c4
{ [%eval 49,15] [%emt 0:00:27] (c4) } 50...Nxc4
{ [%eval 98,17] [%emt 0:00:37] (Nxc4) } 51.Nxc5
{ [%eval 35,15] [%emt 0:00:26] (Nxc5) } 51...Nb6
{ [%eval 99,17] [%emt 0:00:37] (a5) } 52.Ke4
{ [%eval -15,14] [%emt 0:00:20] (Ke4) } 52...a5
{ [%eval 112,17] [%emt 0:00:37] (a5) } 53.Kd4
{ [%eval -4,15] [%emt 0:00:24] (Kd4) } 53...a4
{ [%eval 121,17] [%emt 0:00:37] (a4) } 54.Ne4
{ [%eval -90,15] [%emt 0:00:29] (Ne4) } 54...a3
{ [%eval 115,16] [%emt 0:00:37] (a3) } 55.Nc3
{ [%eval -166,14] [%emt 0:00:22] (Nc3) } 55...Nc8
{ [%eval 100,16] [%emt 0:01:19] (h4) } 56.Na2
{ [%eval -48, 14] [%emt 0:00:26] (Kc5) } 56...g5
{ [%eval 114,17] [%emt 0:00:36] (g5) } 57.Kc5
{ [%eval -67,15] [%emt 0:00:22] (Kc5) } 57...g4
{ [%eval 111,16] [%emt 0:00:36] (h4) } 58.Nb4
{ [%eval -371,14] [%emt 0:00:23] (Nb4) } 58...f5
{ [%eval 215,14] [%emt 0:00: 36] (h4) } 59.Kc6
{ [%eval -266,14] [%emt 0:00:21] (Na2) } 59...f4
{ [%eval 375,17] [%emt 0:00:36] (h4) } 60.Kc7
{ [%eval -317,14] [%emt 0:00:24] (Kc7) } 60...a2
{ [%eval 381,16] [%emt 0:00:36] (a2) } 61.Nc6+
{ [%eval -322,14] [%emt 0:00:11] (Nxa2) } 61...Kf6
{ [%eval 573,14] [%emt 0:00:36] (Kf6) } 62.Kxc8
{ [%eval -501,14] [%emt 0:00:16] (Kxc8) } 62...a1=Q
{ [%eval 616,13] [%emt 0:00:36] (a1=Q) } 63.e7
{ [%eval -483,14] [%emt 0:00:10] (e7) } 63...Qa8+
{ [%eval 612,14] [%emt 0:00:36] (Qa8) } 64.Kc7
{ [%eval -359,15] [%emt 0:00:24] (Kc7) } 64...Qe8
{ [%eval 313,15] [%emt 0:00: 36] (f3) } 65.d6
{ [%eval -243,15] [%emt 0:00:13] (d6) } 65...Ke6
{ [%eval 311,15] [%emt 0:00:36] (Ke6) } 66.Nd4+
{ [%eval -262,15] [%emt 0:00:08] (Nd4) } 66...Kd5
{ [%eval 311,16] [%emt 0:00:36] (Kd5) } 67.Nf5
{ [%eval -243,15] [%emt 0:00:12] (Nf5) } 67...Qc6+
{ [%eval 311,14] [%emt 0:00:36] (Qc6) } 68.Kd8
{ [%eval -232,16] [%emt 0:00:10] (Kd8) } 68...Qb6+
{ [%eval 311,14] [%emt 0:00:36] (Qa8) } 69.Kc8
{ [%eval -232,14] [%emt 0:00:12] (Kd7) } 69...Qa6+
{ [%eval 311,13] [%emt 0:00:36] (Qc5) } 70.Kd8
{ [%eval -232,15] [%emt 0:00:14] (Kd7) } 70...Qa8+
{ [%eval 311,12] [%emt 0: 00:36] (Qa8) } 71.Kd7
{ [%eval -213,17] [%emt 0:00:16] (Kd7) } 71...Qa4+
{ [%eval 241, 12] [%emt 0:00:36] (Qb7) } 72.Kd8
{ [%eval -171,15] [%emt 0:00:11] (Kd8) } 72...Qa8+
{ [%eval 241,12] [%emt 0:00:36] (Qa5) } 73.Kd7
{ [%eval 0,100] [%emt 0:00:01] (Kd7) } 73...Qb7+
{ [%eval 241,12] [%emt 0:00:36] (Qb7) } 74.Kd8
{ [%eval -171,17] [%emt 0:00:22] (Kd8) } 74...Qb8+
{ [%eval 241,11] [%emt 0:00:36] (Qb8) } 75.Kd7
{ [%eval -171,17] [%emt 0:00:00] (Kd7) } 75...Qb5+ 76.Kd8
{ [%eval 0,16] [%emt 0:00:34] (Kd8) } 76...Qb6+
{ [%eval 241,11] [%emt 0:00:36] (Qa5) } 77.Kd7
{ [%eval 0,100] [%emt 0:00:00] (Kd7) } 77...Qa7+ 78.Kd8
{ [%eval 0,17] [%emt 0:00:40] (Kd8) } 78...Qb8+
{ [%eval 135,11] [%emt 0:00:36] (Qa8) } 79.Kd7
{ [%eval 0,17] [%emt 0:00:00] (Kd7) } 79...Qb1 80.e8=Q
{ [%eval -191,14] [%emt 0:00:21] (e8=Q) } 80...Qxf5+
{ [%eval 130,12] [%emt 0:00:36] (Qxf5) } 81.Kc7
{ [%eval -158,16] [%emt 0:01:23] (Kc7) } 81...Qc2+
{ [%eval 135,12] [%emt 0:00:37] (Qc2) } 82.Kd8
{ [%eval -144,15] [%emt 0:04:12] (Kd8) } 82...Kxd6
{ [%eval 135,12] [%emt 0:00:37] (Kxd6) } 83.Qe7+
{ [%eval -146,15] [%emt 0:00:58] (Qe7) } 83...Kd5
{ [%eval 134,11] [%emt 0:00:37] (Kd5) } 84.Qf7+
{ [%eval -157,14] [%emt 0:00:27] (Qf7) } 84...Kd4
{ [%eval 133,11] [%emt 0:00: 37] (Kd4) } 85.Qxf4+
{ [%eval -159,14] [%emt 0:00:58] (Qxf4) } 85...Qe4
{ [%eval 134, 10] [%emt 0:00:37] (Qe4) } 86.Qd2+
{ [%eval -161,14] [%emt 0:01:14] (Qf6) } 86...Qd3
{ [%eval 134,10] [%emt 0:00:37] (Ke5) } 87.Qf2+
{ [%eval -159,13] [%emt 0:00:40] (Qg5) } 87...Ke5+
{ [%eval 137,9] [%emt 0:00:37] (Qe3) } 88.Ke7
{ [%eval -159,13] [%emt 0:00:43] (Kc7) } 88...Qh7+
{ [%eval 137,9] [%emt 0:00:37] (Qh7) } 89.Kd8
{ [%eval -163,15] [%emt 0:00:41] (Kd8) } 89...Qe4
{ [%eval 137,9] [%emt 0:00:37] (Qg8) } 90.Ke7
{ [%eval -167,14] [%emt 0:01:37] (Kc7) } 90...Qb4+
{ [%eval 137,10] [%emt 0:00: 37] (Qb4) } 91.Ke8
{ [%eval -176,14] [%emt 0:00:30] (Ke8) } 91...Qe4
{ [%eval 137,10] [%emt 0:00:37] (Qd4) } 92.Ke7
{ [%eval 0,16] [%emt 0:00:34] (Ke7) } 92...Qh7+
{ [%eval 137,9] [%emt 0:00:37] (Qb4) } 93.Kd8
{ [%eval 0,100] [%emt 0:00:00] (Kd8) } 93...Qg8+ 94.Kc7
{ [%eval -178,15] [%emt 0:01:58] (Kc7) } 94...Qc4+
{ [%eval 136,10] [%emt 0:00:37] (Qc4) } 95.Kb8
{ [%eval -181,14] [%emt 0:00:38] (Kb8) } 95...Qd4
{ [%eval 137,10] [%emt 0:00:37] (Qd4) } 96.Qf1
{ [%eval -176,13] [%emt 0:00:27] (Qg3) } 96...h4
{ [%eval 143,10] [%emt 0:00:37] (Qb4) } 97.Qe1+
{ [%eval -167,14] [%emt 0:00:54] (Qc1) } 97...Kd6
{ [%eval 146,11] [%emt 0:00: 37] (Qe4) } 98.Qxh4
{ [%eval -160,14] [%emt 0:00:25] (Qf1) } 98...Qb6+
{ [%eval 147,10] [%emt 0:00:37] (Qb2) } 99.Ka8
{ [%eval -153,15] [%emt 0:00:22] (Ka8) } 99...Qc6+
{ [%eval 143,10] [%emt 0:00:37] (Qc6) } 100.Ka7
{ [%eval -165,14] [%emt 0:00:10] (Ka7) } 100...Qxg2
{ [%eval 142,11] [%emt 0:00:37] (Qxg2) } 1/2-1/2

[Event "41st Amateur D7"]
[Site "ChessGUI4"]
[Date "2013.07.10"]
[Round "31.1"]
[White "Carballo 0.8"]
[Black "Tigran 2.3 64-bit"]
[Result "0-1"]
[BlackElo "2289"]
[ECO "A21"]
[EventDate "2013.??.??"]
[TimeControl "40/1500:40/1500:40/1500"]
[WhiteElo "2273"]

{ i5 Quad } 1.c4 f5 2.g3 Nf6 3.Bg2 e5 4.Nc3 d6 5.d4 c6 6.Nf3 e4 7.Ng5 d5 8.cxd5 cxd5 9.h4 Nc6
{ [%eval 20,12] [%emt 0:00:42] (Nc6) } 10.O-O
{ [%eval 13,13] [%emt 0:00:36] (e1g1) } 10...Qb6
{ [%eval 14,12] [%emt 0:00:42] (Bd6) } 11.e3
{ [%eval 0,12] [%emt 0:00:35] (Nh3) } 11...Bd6
{ [%eval 17,12] [%emt 0:00:42] (Bd6) } 12.Qb3
{ [%eval 0,12] [%emt 0:00:34] (f3) } 12...Qxb3
{ [%eval 78,14] [%emt 0:00:42] (O-O) } 13.axb3
{ [%eval 4,14] [%emt 0:00:33] (axb3) } 13...Bd7
{ [%eval 79,13] [%emt 0:00:42] (O-O) } 14.Bd2
{ [%eval 7,13] [%emt 0:00:32] (Bd2) } 14...Rc8
{ [%eval 75,13] [%emt 0:00:43] (O-O) } 15.Nh3
{ [%eval 18,13] [%emt 0:00: 32] (Nh3) } 15...a6
{ [%eval 65,13] [%emt 0:00:43] (O-O) } 16.Na4
{ [%eval 19,14] [%emt 0:00:31] (Na4) } 16...Nd8
{ [%eval 47,13] [%emt 0:00:43] (O-O) } 17.Rfc1
{ [%eval 36,14] [%emt 0:00:30] (Rfc1) } 17...Rxc1+
{ [%eval 31,13] [%emt 0:00:43] (Rc6) } 18.Rxc1
{ [%eval 9,16] [%emt 0:00:29] (Rxc1) } 18...h6
{ [%eval 37,14] [%emt 0:00:43] (Bxa4) } 19.Nb6
{ [%eval 35,14] [%emt 0:00:29] (Nc5) } 19...Ne6
{ [%eval 60,14] [%emt 0:00:43] (Ne6) } 20.Nc8
{ [%eval 27,14] [%emt 0:00:28] (Nf4) } 20...Bf8
{ [%eval 56,14] [%emt 0:00:44] (Bb8) } 21.Nf4
{ [%eval 26,14] [%emt 0:00:27] (Nf4) } 21...Nxf4
{ [%eval 53,14] [%emt 0:00:44] (Nxf4) } 22.exf4
{ [%eval 27,16] [%emt 0:00:26] (gxf4) } 22...Rg8
{ [%eval 52,14] [%emt 0:00:41] (g6) } 23.Nb6
{ [%eval 20,14] [%emt 0: 00:26] (Ba5) } 23...Bd6
{ [%eval 58,15] [%emt 0:00:40] (Bd6) } 24.b4
{ [%eval 19,14] [%emt 0:00:25] (b4) } 24...Bb5
{ [%eval 34,15] [%emt 0:00:45] (Kf7) } 25.Bf1
{ [%eval 21,15] [%emt 0:00:24] (Bh3) } 25...Bxf1
{ [%eval 76,16] [%emt 0:00:42] (Bxf1) } 26.Kxf1
{ [%eval 13,16] [%emt 0:00:24] (Kxf1) } 26...Kf7
{ [%eval 67,16] [%emt 0:00:46] (Kf7) } 27.b3
{ [%eval 17,15] [%emt 0:00:23] (b5) } 27...Re8
{ [%eval 93,15] [%emt 0: 00:46] (Re8) } 28.Kg2
{ [%eval 11,15] [%emt 0:00:23] (b5) } 28...Re6
{ [%eval 95,15] [%emt 0:00:46] (h5) } 29.Na4
{ [%eval 10,16] [%emt 0:00:22] (Nc8) } 29...Bb8
{ [%eval 82,15] [%emt 0:00:47] (h5) } 30.Rc8
{ [%eval 36,13] [%emt 0:00:21] (b5) } 30...Re8
{ [%eval 73,18] [%emt 0:00:47] (Bd6) } 31.Rc1
{ [%eval 18,16] [%emt 0:00:21] (Rxe8) } 31...Kg6
{ [%eval 82,14] [%emt 0:00:45] (Ba7) } 32.Nc5
{ [%eval 11,14] [%emt 0:00:20] (b5) } 32...Re7
{ [%eval 92,16] [%emt 0:00:49] (Re7) } 33.Na4
{ [%eval 13,14] [%emt 0:00:20] (b5) } 33...Bd6
{ [%eval 91,15] [%emt 0:00:49] (Bd6) } 34.Rc8
{ [%eval 9,16] [%emt 0:00:19] (Kg1) } 34...Re8
{ [%eval 95,15] [%emt 0:00:50] (Re8) } 35.Rc1
{ [%eval 8,16] [%emt 0:00:19] (Rc1) } 35...Kh7
{ [%eval 88,15] [%emt 0:00:50] (h5) } 36.Nb2
{ [%eval 10,14] [%emt 0:00:18] (Nb6) } 36...g6
{ [%eval 92,14] [%emt 0:00:46] (Kg8) } 37.Na4
{ [%eval 15,16] [%emt 0:00:18] (Na4) } 37...Kh8
{ [%eval 89,14] [%emt 0:00: 42] (h5) } 38.Nc5
{ [%eval 17,14] [%emt 0:00:17] (b5) } 38...Rb8
{ [%eval 76,16] [%emt 0:00:57] (Re7) } 39.Ne6
{ [%eval 23,13] [%emt 0:00:17] (Ra1) } 39...Ra8
{ [%eval 75,14] [%emt 0:00:52] (Kg8) } 40.Nc5
{ [%eval 21,14] [%emt 0:00:16] (Nc5) } 40...Rc8
{ [%eval 48,16] [%emt 0:01:16] (Rc8) } 41.Bc3
{ [%eval 18,15] [%emt 0:00:54] (Nxb7) } 41...Rc7
{ [%eval 74,15] [%emt 0:00:27] (Kh7) } 42.Ne6
{ [%eval 10,17] [%emt 0:00:52] (Ra1) } 42...Rc6
{ [%eval 91,16] [%emt 0:00:34] (Rc8) } 43.Nc5
{ [%eval 16,16] [%emt 0:00:51] (Nd8) } 43...Rb6
{ [%eval 104,15] [%emt 0:00:34] (Kg8) } 44.Rd1
{ [%eval 2,15] [%emt 0:00:50] (Kf1) } 44...Kg8
{ [%eval 102,15] [%emt 0:00:33] (Kg7) } 45.Ra1
{ [%eval -4,16] [%emt 0:00:48] (Ra1) } 45...Kf8
{ [%eval 101,15] [%emt 0:00:34] (Be7) } 46.Ra5
{ [%eval 1,15] [%emt 0:00:47] (Kf1) } 46...Kf7
{ [%eval 95,15] [%emt 0: 00:34] (Kf7) } 47.Bd2
{ [%eval -1,16] [%emt 0:00:46] (b5) } 47...Be7
{ [%eval 83,13] [%emt 0:00:28] (Bf8) } 48.Kf1
{ [%eval -3,17] [%emt 0:00:45] (b5) } 48...Ke8
{ [%eval 79,14] [%emt 0:00:32] (h5) } 49.Ke2
{ [%eval -1,15] [%emt 0:00:44] (b5) } 49...Kd8
{ [%eval 71,15] [%emt 0:00:35] (Bf8) } 50.Bc3
{ [%eval -5,15] [%emt 0:00:43] (Na4) } 50...Kc7
{ [%eval 86,14] [%emt 0:00:35] (Kc7) } 51.Ra1
{ [%eval -19,14] [%emt 0:00: 42] (Ra1) } 51...Kc8
{ [%eval 91,15] [%emt 0:00:34] (Ng4) } 52.Rc1
{ [%eval 5,15] [%emt 0:00:40] (Na4) } 52...Kd8
{ [%eval 89,14] [%emt 0:00:35] (h5) } 53.Na4
{ [%eval 1,14] [%emt 0:00:39] (Ra1) } 53...Rb5
{ [%eval 102,15] [%emt 0:00:36] (Rb5) } 54.Nc5
{ [%eval -27,15] [%emt 0:00:38] (Nc5) } 54...Ke8
{ [%eval 100,14] [%emt 0:00:28] (Ng4) } 55.Ra1
{ [%eval -7,15] [%emt 0:00:37] (Ra1) } 55...Bd8
{ [%eval 100,15] [%emt 0:00:29] (Kf7) } 56.Ne6
{ [%eval -7,16] [%emt 0:00:37] (Kf1) } 56...Ke7
{ [%eval 101,15] [%emt 0:00:36] (Ke7) } 57.Nc5
{ [%eval -20,15] [%emt 0:00:35] (Nc5) } 57...Bc7
{ [%eval 99, 15] [%emt 0:00:36] (h5) } 58.Bd2
{ [%eval -7,14] [%emt 0:00:35] (Rg1) } 58...Kf7
{ [%eval 99,15] [%emt 0:00:37] (Kf7) } 59.Ra2
{ [%eval -7,15] [%emt 0:00:34] (Bc3) } 59...Ke8
{ [%eval 99,14] [%emt 0:00:37] (Bd6) } 60.Bc3
{ [%eval -3,15] [%emt 0:00: 33] (Bc3) } 60...Ke7
{ [%eval 97,14] [%emt 0:00:37] (Kf7) } 61.Bd2
{ [%eval -18,13] [%emt 0:00:32] (Ra1) } 61...Bd6
{ [%eval 100,14] [%emt 0:00:37] (Bd6) } 62.Bc3
{ [%eval -38,15] [%emt 0:00:31] (Bc3) } 62...Nd7
{ [%eval 101,15] [%emt 0:00:30] (Nd7) } 63.Ke3
{ [%eval -43,15] [%emt 0:00:31] (Ke3) } 63...Bc7
{ [%eval 98,15] [%emt 0:00:38] (Nb8) } 64.Be1
{ [%eval -23,13] [%emt 0:00:30] (Ra1) } 64...Nf6
{ [%eval 99,14] [%emt 0:00:38] (Nxc5) } 65.Ke2
{ [%eval -16,15] [%emt 0:00:29] (Ke2) } 65...Bd8
{ [%eval 98, 15] [%emt 0:00:30] (h5) } 66.Na4
{ [%eval -9,14] [%emt 0:00:28] (Ra1) } 66...Bb6
{ [%eval 114,16] [%emt 0:00:36] (Bb6) } 67.Bc3
{ [%eval -18,16] [%emt 0:00:28] (Bc3) } 67...Ng4
{ [%eval 118,15] [%emt 0:00:39] (Nd7) } 68.f3
{ [%eval -38,14] [%emt 0:00:27] (f3) } 68...Nh2
{ [%eval 133,16] [%emt 0:00:31] (Nh2) } 69.fxe4
{ [%eval -51, 15] [%emt 0:00:26] (fxe4) } 69...fxe4
{ [%eval 132,15] [%emt 0:00:41] (fxe4) } 70.Ke3
{ [%eval -54,14] [%emt 0:00:26] (Nc5) } 70...Ng4+
{ [%eval 148,14] [%emt 0:00:38] (Nf3) } 71.Kd2
{ [%eval -55,15] [%emt 0:00:25] (Kd2) } 71...h5
{ [%eval 149,14] [%emt 0:00: 42] (Nf2) } 72.Nc5
{ [%eval -40,13] [%emt 0:00:24] (Bb2) } 72...Bc7
{ [%eval 172,14] [%emt 0:00:42] (a5) } 73.Ra1
{ [%eval -39,13] [%emt 0:00:24] (Ke2) } 73...Nh6
{ [%eval 190,15] [%emt 0:00:43] (Kf7) } 74.Ke3
{ [%eval -86,15] [%emt 0:00:23] (Ke2) } 74...Nf5+
{ [%eval 212,15] [%emt 0:00:43] (Nf5) } 75.Kf2
{ [%eval -74,15] [%emt 0:00:22] (Kf2) } 75...Bd6
{ [%eval 223,14] [%emt 0:00:44] (Bb6) } 76.Ra3
{ [%eval -132,13] [%emt 0:00:22] (Rc1) } 76...Kf7
{ [%eval 227,14] [%emt 0:00:45] (Kf7) } 77.Ra2
{ [%eval -133,14] [%emt 0:00:21] (Kg2) } 77...Bxc5
{ [%eval 248,16] [%emt 0:00: 46] (e3) } 78.dxc5
{ [%eval -137,15] [%emt 0:00:21] (dxc5) } 78...d4
{ [%eval 250,17] [%emt 0:00:48] (d4) } 79.Be1
{ [%eval -121,15] [%emt 0:00:20] (Be1) } 79...Ke6
{ [%eval 249,16] [%emt 0:00:50] (Ne7) } 80.c6
{ [%eval -153,14] [%emt 0:00:20] (c6) } 80...bxc6
{ [%eval 250,16] [%emt 0:00:47] (d3) } 81.Rxa6
{ [%eval -229,15] [%emt 0:00:57] (Rxa6) } 81...Kd7
{ [%eval 246,15] [%emt 0:00:34] (d3) } 82.Ra7+
{ [%eval -122,14] [%emt 0:00:55] (Ra7) } 82...Kc8
{ [%eval 241,15] [%emt 0:00:34] (Kc8) } 83.Ra8+
{ [%eval -142,16] [%emt 0:00:54] (Ra8) } 83...Rb8
{ [%eval 250,15] [%emt 0:00: 34] (Kd7) } 84.Ra7
{ [%eval -128,16] [%emt 0:00:53] (Ra7) } 84...Rb7
{ [%eval 250,15] [%emt 0:00:27] (d3) } 85.Ra6
{ [%eval -133,14] [%emt 0:00:51] (Ra8) } 85...Kc7
{ [%eval 248,15] [%emt 0:00:34] (Kd7) } 86.Ra8
{ [%eval -144,14] [%emt 0:00:50] (Ra5) } 86...Rb8
{ [%eval 249,14] [%emt 0:00:34] (Rb8) } 87.Rxb8
{ [%eval -156,15] [%emt 0:00:49] (Ra1) } 87...Kxb8
{ [%eval 336,18] [%emt 0:00:33] (Kxb8) } 88.Ke2
{ [%eval -174,18] [%emt 0:00:47] (Ke2) } 88...Kc7
{ [%eval 339,18] [%emt 0:00:35] (d3) } 89.Kd2
{ [%eval -240,18] [%emt 0:00:46] (Kd1) } 89...Kd6
{ [%eval 345,19] [%emt 0:00: 35] (Ne7) } 90.Ke2
{ [%eval -324,18] [%emt 0:00:45] (Kc1) } 90...Kd5
{ [%eval 397,18] [%emt 0:00:35] (Kd5) } 91.Kd2
{ [%eval -331,17] [%emt 0:00:44] (Kd2) } 91...Nd6
{ [%eval 442,18] [%emt 0:00:34] (e3) } 92.Ke2
{ [%eval -360,18] [%emt 0:00:43] (b5) } 92...e3
{ [%eval 450,18] [%emt 0:00:35] (e3) } 93.Kd3
{ [%eval -379,18] [%emt 0: 00:42] (b5) } 93...Nb5
{ [%eval 423,21] [%emt 0:00:35] (Nf5) } 94.g4
{ [%eval -390,16] [%emt 0:00:41] (g4) } 94...hxg4
{ [%eval 487,20] [%emt 0:00:35] (hxg4) } 95.f5
{ [%eval -396,14] [%emt 0:00:40] (f5) } 95...gxf5
{ [%eval 619,18] [%emt 0:00:35] (gxf5) } 96.Bg3
{ [%eval -435,14] [%emt 0:00:39] (Bg3) } 96...Nc3
{ [%eval 696,17] [%emt 0: 00:36] (Nd6) } 97.b5
{ [%eval -475,13] [%emt 0:00:38] (h5) } 97...Ne4
{ [%eval 692,16] [%emt 0:00:36] (Ne4) } 98.bxc6
{ [%eval -502,13] [%emt 0:00:37] (Bf4) } 98...Nf2+
{ [%eval 1299,15] [%emt 0:00:36] (Kxc6) } 99.Ke2
{ [%eval -1148,12] [%emt 0:00:36] (Ke2) } 99...Ke4
{ [%eval 1884,17] [%emt 0:00:36] (Ke4) } 100.Kf1
{ [%eval -1993,14] [%emt 0:00:35] (Bxf2) } 0-1